 Dungeon Crawl Stone Soup version 0.26.1-11-gd32895ea62 (webtiles) character file.

Game seed: 14355337769431534949

23162 Almogavar the Eclecticist (level 12, -5/62 HPs)
             Began as a Deep Elf Earth Elementalist on May 14, 2021.
             Was a Priest of Sif Muna.
             Slain by a seven-headed hydra (10 damage)
             ... on level 3 of the Lair of Beasts.
             The game lasted 01:25:41 (20526 turns).

Almogavar the Eclecticist (DEEE)                   Turns: 20526, Time: 01:25:43

Health: -5/62      AC: 10    Str:  5    XL:     12   Next: 69%
Magic:  18/42      EV: 12    Int: 32    God:    Sif Muna [***...]
Gold:   714        SH:  6    Dex: 15    Spells: 24/42 levels left

rFire    . . .     SeeInvis .   c - staff of poison
rCold    . . .     Faith    .   O - +2 buckler
rNeg     . . .     Spirit   .   B - +0 acid dragon scales
rPois    +         Reflect  .   (no helmet)
rElec    .         Harm     .   (no cloak)
rCorr    +         Rampage  .   A - +1 pair of gloves
Will     +....                  H - +0 pair of boots
Stlth    +++.......             z - amulet of magic regeneration
HPRegen  0.20/turn              h - +6 ring of intelligence
MPRegen  0.53/turn              M - ring of magical power

@: very slightly contaminated
A: no striking features
a: Renounce Religion, Channel Magic, Forget Spell


You were on level 3 of the Lair of Beasts.
You worshipped Sif Muna.
Sif Muna was most pleased with you.
You visited 3 branches of the dungeon, and saw 14 of its levels.

You collected 714 gold pieces.

Inventory:

Hand Weapons
 i - a +0 dagger of holy wrath
 q - a +2 spectral quarterstaff
Missiles
 t - 125 stones
Armour
 w - a +1 robe of resistance
 A - a +1 pair of gloves (worn)
 B - +0 acid dragon scales (worn)
 G - a +2 robe of the Archmagi
 H - a +0 pair of boots (worn)
 O - a +2 buckler (worn)
 Q - a +2 ring mail of fire resistance
Magical Staves
 c - an uncursed staff of poison (weapon)
 P - an uncursed staff of air
Jewellery
 f - an uncursed ring of stealth
 h - a +6 ring of intelligence (left hand)
 z - an amulet of magic regeneration (around neck)
 M - a ring of magical power (right hand)
 S - a +6 ring of strength
Wands
 n - a wand of flame (36)
 y - a wand of acid (8)
 K - a wand of digging (12)
 L - a wand of iceblast (4)
Scrolls
 a - 4 scrolls of enchant armour
 d - 2 scrolls of fear
 e - 6 scrolls of remove curse
 g - 2 scrolls of magic mapping
 k - 7 scrolls of teleportation
 s - 3 scrolls of summoning
 u - 3 scrolls of amnesia
 v - 2 scrolls of blinking
 E - 3 scrolls of enchant weapon {unknown}
Potions
 b - a potion of magic
 j - 5 potions of curing
 l - 4 potions of might
 m - 4 potions of cancellation
 o - 2 potions of flight
 p - a potion of invisibility
 r - 3 potions of resistance
 x - a potion of lignification {unknown}
 C - 2 potions of degeneration {unknown}
 F - 6 potions of haste {unknown}


   Skills:
 + Level 1.8 Fighting
 + Level 3.0 Staves
 + Level 4.1 Armour
 + Level 4.6 Dodging
 + Level 4.8 Stealth
 + Level 1.2 Shields
 + Level 15.6 Spellcasting
 + Level 10.5 Conjurations
 + Level 1.3 Transmutations
 + Level 0.1 Fire Magic
 + Level 2.6 Air Magic
 + Level 12.4 Earth Magic
 * Level 3.5 Poison Magic


You had 24 spell levels left.
You knew the following spells:

 Your Spells              Type           Power        Failure   Level
a - Sandblast             Erth           100%         1%          1
b - Stone Arrow           Conj/Erth      100%         1%          3
c - Passwall              Tmut/Erth      51%          1%          2
d - Shock                 Conj/Air       100%         1%          1
e - Mephitic Cloud        Conj/Pois/Air  74%          1%          3
f - Poisonous Vapours     Pois/Air       100%         2%          2
g - Ignite Poison         Fire/Tmut/Pois 52%          8%          3
h - Dazzling Flash        Conj/Hex       100%         1%          3

Your spell library contained the following spells:

 Spells                   Type           Power        Failure   Level
 Sting                    Tmut/Pois      100%         1%          1
 Conjure Flame            Conj/Fire      56%          1%          3
 Static Discharge         Conj/Air       61%          1%          3
 Iskenderun's Battlesphe  Conj           75%          1%          5
 Lee's Rapid Deconstruct  Erth           40%          1%          5
 Swiftness                Air            42%          2%          2
 Petrify                  Tmut/Erth      62%          3%          4
 Corona                   Hex            26%          5%          1
 Bolt of Magma            Conj/Fire/Erth 32%          6%          5
 Iron Shot                Conj/Erth      39%          7%          6
 Ensorcelled Hibernation  Hex/Ice        48%          8%          2
 Lightning Bolt           Conj/Air       30%          10%         5
 Olgreb's Toxic Radiance  Pois           64%          12%         4
 Confusing Touch          Hex            24%          16%         3
 Gell's Gravitas          Tloc           12%          16%         3
 Tukima's Dance           Hex            24%          16%         3
 Airstrike                Air            21%          17%         4
 Orb of Destruction       Conj           37%          50%         7
 Yara's Violent Unravell  Hex/Tmut       14%          73%         5
 Freezing Cloud           Conj/Ice/Air   26%          78%         6
 Metabolic Englaciation   Hex/Ice        12%          82%         5
 Spellforged Servitor     Conj/Summ      27%          99%         7


Dungeon Overview and Level Annotations

Branches:
Dungeon (10/15)            Temple (1/1) D:7            Lair (3/6) D:8
  Swamp (0/4) Lair:2       Spider (0/4) Lair:3          Orc (0/2) D:9

Altars:
Ashenzari
Cheibriados
Dithmenos
Elyvilon
Fedhas
Gozag
Hepliaklqana
Kikubaaqudgha
Makhleb
Nemelex Xobeh
Okawaru
Qazlal
Ru
Sif Muna
Trog
Uskayaw
Vehumet
Wu Jian
Xom
Yredelemnul
Zin
The Shining One

Annotations:
D:3 3 runed translucent doors, kalagan's ghost, amateur DECj


Message History

The seven-headed hydra barely misses you.
The seven-headed hydra bites you!
The seven-headed hydra closely misses you.
The seven-headed hydra barely misses you.
The seven-headed hydra closely misses you.
The seven-headed hydra bites you!
The seven-headed hydra barely misses you.
Casting: Stone Arrow (safe; 1% risk of failure)
Confirm with . or Enter, or press ? or * to list all spells.
The seven-headed hydra is dazzled.
The seven-headed hydra barely misses you.
The seven-headed hydra bites you!
* * * LOW HITPOINT WARNING * * *
The seven-headed hydra bites you.
* * * LOW HITPOINT WARNING * * *
The seven-headed hydra bites you but does no damage.
The seven-headed hydra misses you.
You block the seven-headed hydra's attack.
The seven-headed hydra bites you!
You die...

.#....#...P......#........#
......#.#.P...#......##...#
#.......#################
....#.....#
.#........#########
........#.##..#PPP###
.P#.....#..#........#.
....P......#..........
.#..#.....@D...####≈
.....[....#...##
.#...#.P......≈#
....#.#..#..........
#.#......#..........
.........#.#.#.###.#
.#.#.......[.... .
#.#.....P.#.... ..... .....


You could see a seven-headed hydra (blind).

Vanquished Creatures
  5 hydras
  2 two-headed ogres
  Pikel (D:3)
  5 elephants
  Joseph (D:9)
  6 cane toads
  2 rime drakes
  Maggie (D:6)
  2 komodo dragons
  2 jumping spiders (Lair:3)
  A troll (D:9)
  Prince Ribbit (D:5)
  3 blink frogs (Lair:3)
  3 wyverns
  2 redbacks (Lair:3)
  15 yaks
  Eustachio (D:4)
  A basilisk (Lair:2)
  2 wargs (D:7)
  9 water moccasins
  Duvessa (D:4)
  A swamp drake (Lair:2)
  4 ice beasts
  5 sky beasts
  3 phantoms (D:4)
  13 orc warriors
  11 ogres
  An eye of draining (D:8)
  A centaur (D:8)
  2 lemures (D:4)
  3 big kobolds
  7 bullfrogs
  5 gnoll sergeants
  4 scorpions
  Dowan (D:4)
  A killer bee (D:10)
  5 wights (D:9)
  3 howler monkeys (D:10)
  2 centaur zombies
  A bullfrog zombie (D:5)
  3 quasits
  A jelly (D:10)
  6 hounds
  10 orc priests
  14 orc wizards
  3 bullfrog skeletons
  2 centaur skeletons
  2 iguanas
  6 worker ants
  A hound zombie (D:10)
  A hound skeleton (D:4)
  A worker ant zombie (D:10)
  10 gnolls
  15 adders
  A shadow imp (D:7)
  5 white imps
  An ufetubus (D:6)
  An adder skeleton (D:8)
  5 worms
  2 dart slugs (D:1)
  6 leopard geckos
  64 orcs
  5 ball pythons
  7 giant cockroaches
  11 hobgoblins
  13 jackals
  15 kobolds
  9 quokkas
  10 bats
  6 frilled lizards
  6 goblins
  A jackal skeleton (D:5)
  A leopard gecko zombie (D:6)
  3 quokka skeletons
  10 rats
396 creatures vanquished.

Vanquished Creatures (others)
  An ogre (D:9)
  8 fungi
  16 plants
25 creatures vanquished.

Grand Total: 421 creatures vanquished

Notes
Turn   | Place    | Note
-------+----------+-------------------------------------------
     0 | D:1      | Almogavar the Deep Elf Earth Elementalist began the quest
                  | for the Orb.
     0 | D:1      | Reached XP level 1. HP: 10/10 MP: 6/6
     2 | D:1      | Noticed an elf
     4 | D:1      | Noticed an ogre
     4 | D:1      | Noticed a centaur
     6 | D:1      | Noticed a naga
     6 | D:1      | Noticed a draconian
     8 | D:1      | Noticed an octopode
     8 | D:1      | Noticed a felid
    10 | D:1      | Noticed a minotaur
    10 | D:1      | Noticed a vine stalker
    12 | D:1      | Noticed a troll
    12 | D:1      | Noticed a formicid
    14 | D:1      | Noticed a demigod
    14 | D:1      | Noticed a dwarf
    16 | D:1      | Noticed a ghoul
    18 | D:1      | Noticed a human
    18 | D:1      | Noticed a gargoyle
    20 | D:1      | Noticed a merfolk
    20 | D:1      | Noticed a halfling
    22 | D:1      | Noticed a tengu
    22 | D:1      | Noticed a vampire
    24 | D:1      | Noticed a demonspawn
    26 | D:1      | Noticed a spriggan
   358 | D:1      | Reached XP level 2. HP: 15/15 MP: 5/8
  1296 | D:2      | Reached XP level 3. HP: 19/19 MP: 8/10
  1627 | D:2      | Reached XP level 4. HP: 24/24 MP: 7/11
  1686 | D:2      | Found a faded altar of an unknown god.
  2046 | D:2      | Learned a level 3 spell: Stone Arrow
  2055 | D:2      | Reached skill level 4 in Spellcasting
  2632 | D:3      | Reached skill level 5 in Earth Magic
  2712 | D:3      | Reached XP level 5. HP: 28/28 MP: 10/14
  2772 | D:3      | Reached skill level 5 in Spellcasting
  2861 | D:3      | Found a runed translucent gate.
  2861 | D:3      | Found a runed translucent gate.
  3038 | D:3      | Found a runed translucent gate.
  3040 | D:3      | Noticed kalagan's ghost (amateur DECj)
  3041 | D:3      | Identified the +8 short sword "Kumaf" {drain, rPois rF- rC-
                  | rN+++}
  3046 | D:3      | Found a white marble altar of Elyvilon.
  3896 | D:4      | Noticed Eustachio
  3910 | D:4      | Killed Eustachio
  3911 | D:4      | Reached skill level 1 in Staves
  3911 | D:4      | Reached skill level 6 in Spellcasting
  3911 | D:4      | Reached XP level 6. HP: 20/33 MP: 11/17
  4380 | D:4      | Noticed Pikel
  4611 | D:3      | Killed Pikel
  4612 | D:3      | Reached skill level 1 in Fighting
  4612 | D:3      | Reached skill level 7 in Spellcasting
  4612 | D:3      | Reached skill level 1 in Conjurations
  4612 | D:3      | Reached XP level 7. HP: 2/38 MP: 1/20
  5072 | D:4      | Reached XP level 8. HP: 43/43 MP: 11/21
  5380 | D:4      | Learned a level 2 spell: Passwall
  5607 | D:4      | Reached skill level 8 in Spellcasting
  6303 | D:4      | Noticed Duvessa
  6303 | D:4      | Noticed Dowan
  6306 | D:4      | Killed Dowan
  6311 | D:4      | HP: 2/43 [Duvessa/+0 short sword (16)]
  6313 | D:4      | Killed Duvessa
  7017 | D:4      | Reached skill level 9 in Spellcasting
  7235 | D:5      | Entered Level 5 of the Dungeon
  7237 | D:5      | Noticed Prince Ribbit
  7242 | D:5      | Killed Prince Ribbit
  7478 | D:5      | Reached XP level 9. HP: 47/47 MP: 14/24
  7775 | D:5      | Found a broken altar of Ashenzari.
  8074 | D:5      | Found a burning altar of Makhleb.
  8074 | D:5      | Found a sparkling altar of Nemelex Xobeh.
  8263 | D:6      | Reached skill level 10 in Spellcasting
  8534 | D:6      | Found a basalt altar of Yredelemnul.
  8536 | D:6      | Noticed a profane servitor
  8545 | D:6      | Found a glowing golden altar of the Shining One.
  8547 | D:6      | Noticed an angel
  8565 | D:6      | Reached skill level 5 in Conjurations
  8587 | D:6      | Reached skill level 1 in Armour
  9294 | D:6      | Noticed Maggie
  9301 | D:6      | Killed Maggie
 10194 | D:7      | Noticed a two-headed ogre
 10222 | D:7      | Killed a two-headed ogre
 10223 | D:7      | Reached skill level 11 in Spellcasting
 10223 | D:7      | Reached XP level 10. HP: 52/52 MP: 6/27
 10421 | D:7      | Found a staircase to the Ecumenical Temple.
 10429 | Temple   | Entered the Ecumenical Temple
 10495 | Temple   | Became a worshipper of Sif Muna the Loreminder
 11071 | D:8      | Found a staircase to the Lair.
 11241 | D:7      | Reached * piety under Sif Muna
 11489 | D:8      | Reached skill level 12 in Spellcasting
 11736 | D:8      | Noticed a two-headed ogre
 11741 | D:8      | Killed a two-headed ogre
 12628 | D:8      | Learned a level 1 spell: Shock
 12676 | D:8      | Found a hazy altar of Hepliaklqana.
 12677 | D:8      | Found a radiant altar of Vehumet.
 12678 | D:8      | Found a glowing silver altar of Zin.
 12679 | D:8      | Found a snail-covered altar of Cheibriados.
 12704 | D:8      | Reached skill level 10 in Earth Magic
 12877 | D:8      | Found a bloodstained altar of Trog.
 12877 | D:8      | Found an ancient bone altar of Kikubaaqudgha.
 12877 | D:8      | Found an ornate altar of the Wu Jian Council.
 13128 | D:9      | Learned a level 3 spell: Mephitic Cloud
 13131 | D:9      | Learned a level 2 spell: Poisonous Vapours
 13135 | D:9      | Learned a level 3 spell: Ignite Poison
 13145 | D:9      | Reached skill level 1 in Air Magic
 13195 | D:9      | Found a staircase to the Orcish Mines.
 13363 | D:9      | Reached ** piety under Sif Muna
 13775 | D:9      | Reached XP level 11. HP: 57/57 MP: 25/29
 13857 | D:9      | Reached skill level 13 in Spellcasting
 14453 | D:9      | Found a sacrificial altar of Ru.
 14620 | D:9      | Noticed Joseph
 14625 | D:9      | Killed Joseph
 14896 | D:10     | Entered Level 10 of the Dungeon
 15195 | D:10     | Reached *** piety under Sif Muna
 16223 | D:10     | Learned a level 3 spell: Dazzling Flash
 16550 | Lair:1   | Entered Level 1 of the Lair of Beasts
 16884 | Lair:1   | Reached skill level 14 in Spellcasting
 17383 | Lair:1   | Reached **** piety under Sif Muna
 17457 | Lair:1   | Noticed a six-headed hydra
 17464 | Lair:1   | Killed a six-headed hydra
 18146 | Lair:2   | Reached XP level 12. HP: 62/62 MP: 14/32
 18784 | Lair:2   | Noticed a five-headed hydra
 18791 | Lair:2   | Killed a five-headed hydra
 18792 | Lair:2   | Reached skill level 1 in Shields
 18792 | Lair:2   | Reached skill level 1 in Poison Magic
 19149 | Lair:2   | Found a staircase to the Swamp.
 19764 | Lair:3   | Reached skill level 10 in Conjurations
 19817 | Lair:3   | Noticed a seven-headed hydra
 19822 | Lair:3   | Killed a seven-headed hydra
 19823 | Lair:3   | Reached skill level 15 in Spellcasting
 19982 | Lair:3   | Found a hole to the Spider Nest.
 20239 | Lair:3   | Noticed a five-headed hydra
 20248 | Lair:3   | Killed a five-headed hydra
 20501 | Lair:3   | Noticed an eight-headed hydra
 20508 | Lair:3   | Killed an eight-headed hydra
 20514 | Lair:3   | Noticed a seven-headed hydra
 20526 | Lair:3   | Slain by a seven-headed hydra

Illustrated notes

Levels and vault maps discovered:
D:1:      kb_arrival_jail, layout_basic
D:2:      layout_basic, chequers_ecumenical_altar_island
D:3:      layout_rooms, lemuel_doored_altar, gammafunk_ghost_nasty_kobolds,
          guppyfry_early_orc_mine
D:4:      layout_loops_corners, uniq_duvessa, uniq_eustachio, uniq_pikel
D:5:      layout_rooms, gammafunk_temple_overflow_wave,
          nicolae_ashenzari_panopticon, uniq_prince_ribbit1
D:6:      layout_loops_ring, grunt_temple_overflow_holy_war,
          minmay_unpleasant_kobolds, uniq_maggie
D:7:      layout_rooms, temple_fountains, kennysheep_generic_room_6
D:8:      layout_loops_ring, minitemple, gammafunk_temple_overflow_forgotten,
          erik_lair_orcish_takeover, amcnicky_mini_corridor_feature,
          nrook_mini_vaults, minmay_misc_feat_plants
D:9:      layout_roguey, nicolae_ru_sacrificial_ziggurat,
          kennysheep_orc_monster_closet_entryway, uniq_joseph
D:10:     kennysheep_blocky_room, layout_loops_ring
Temple:   jpeg_temple_island
Lair:1:   layout_big_grid, grunt_megastairs_1
Lair:2:   layout_roguey, minmay_swamp_entry_reptiles, minmay_holes, wad_woods_06
Lair:3:   layout_long_grid, nicolae_spider_entry_tight_spaces,
          hangedman_lair_generics_rect, serial_bayou_shore_a

Skill      XL: |  1  2  3  4  5  6  7  8  9 10 11 12 |
---------------+-------------------------------------+-----
Earth Magic    | 4 5 6 7 9 10 11 12 | 12.4
Stealth        | 3 4 |  4.8
Spellcasting   | 4 6 7 9 11 12 14 15 | 15.6
Staves         | 1 2 3 |  3.0
Fighting       | 1 |  1.8
Dodging        | 3 4 |  4.6
Conjurations   | 1 4 6 8 9 10 | 10.5
Armour         | 2 3 4 |  4.1
Air Magic      | 1 2 |  2.6
Shields        | 1 |  1.2
Poison Magic   | 3 |  3.5
Transmutations | |  1.3
Fire Magic     | |  0.1

Action                   |  1- 3 |  4- 6 |  7- 9 | 10-12 || total
-------------------------+-------+-------+-------+-------++-------
Melee: Unarmed           |     1 |       |       |       ||     1
       Dagger            |       |    41 |       |       ||    41
       Quarterstaff      |       |    49 |     4 |       ||    53
       Staff             |       |       |    10 |    71 ||    81
 Cast: Sandblast         |    50 |    84 |    20 |    46 ||   200
       Stone Arrow       |       |    12 |   147 |   366 ||   525
       Shock             |       |       |       |   139 ||   139
       Mephitic Cloud    |       |       |       |     2 ||     2
       Poisonous Vapours |       |       |       |     3 ||     3
       Ignite Poison     |       |       |       |     1 ||     1
       Dazzling Flash    |       |       |       |     1 ||     1
  Use: Scroll            |       |     4 |     5 |    11 ||    20
       Potion            |       |     3 |     1 |       ||     4
 Stab: Sleeping          |       |     1 |       |       ||     1
Armor: Robe              |     1 |    14 |       |       ||    15
       Leather armour    |       |       |     4 |       ||     4
       Acid dragon scale |       |       |     2 |    87 ||    89
Dodge: Dodged            |     8 |    76 |    27 |   116 ||   227
Block: Buckler           |       |       |       |    34 ||    34
